 Dungeon Crawl Stone Soup version 0.28-a0-957-g42eb19b844 (webtiles) character file.

Game seed: 5217037234445756662

87074 Snarg the Spear-Bearer (level 15, -23/135 HPs)
             Began as a Demonspawn Monk on Nov 28, 2021.
             Was the Champion of Fedhas.
             Annihilated by a bunyip (31 damage)
             ... while paralysed by a fenstrider witch
             ... on level 1 of the Swamp on Dec 1, 2021.
             The game lasted 03:14:46 (25006 turns).

Snarg the Spear-Bearer (Demonspawn Monk)           Turns: 25006, Time: 03:14:52

Health: -23/135    AC: 15    Str: 22    XL:     15   Next: 42%
Magic:  29/33      EV:  2    Int: 17    God:    Fedhas [******]
Gold:   2417       SH:  0    Dex: 29    Spells: 22/26 levels left

rFire   + . .      SeeInvis .   a - +8 trident of Brutal Revenge {flame, MP+9}
rCold   . . .      Faith    .   A - +0 buckler
rNeg    . . .      Spirit   .   J - +1 swamp dragon scales
rPois   +          Reflect  .   T - +0 helmet
rElec   .          Harm     .   l - scarf {repulsion}
rCorr   .          Rampage  .   (gloves unavailable)
Will    +....                   U - +0 pair of boots {Fly}
Stlth   ++++......              K - amulet of Vitality {Regen+ HP+15}
HPRegen 1.12/turn               R - +6 ring of dexterity
MPRegen 0.46/turn               v - ring "Mosesmil" {rF+ Str+7 Int+4 Dex+6 Slay+3}

@: paralysed, flying, repel missiles
A: claws 3, molten scales 2, magic regeneration, demonic magic 3
a: Renounce Religion, Wall of Briars, Grow Ballistomycete, Overgrow, Grow Oklob


You were on level 1 of the Swamp.
You worshipped Fedhas.
Fedhas was exalted by your worship.
You visited 5 branches of the dungeon, and saw 22 of its levels.
You also visited: Gauntlet and Ice Cave.

You collected 3533 gold pieces.
You spent 1116 gold pieces at shops.

Inventory:

Hand Weapons
 a - the +8 trident of Brutal Revenge (weapon) {flame, MP+9}
   (You found it on level 6 of the Lair of Beasts)

   It burns those it strikes, dealing additional fire damage.
   MP:        It affects your magic capacity (+9).
 b - a +2 demon trident of draining
 f - a +3 spear of freezing
 P - a +2 dagger of venom
Missiles
 h - 2 curare-tipped darts
 m - 9 javelins
 r - 15 boomerangs
 t - a throwing net
 z - 3 atropa-tipped darts
 E - 23 poisoned darts (quivered)
 H - 2 boomerangs of dispersal
Armour
 l - a scarf of repulsion (worn)
 A - a +0 buckler (worn)
 J - +1 swamp dragon scales (worn)
 T - a +0 helmet (worn)
 U - a +0 pair of boots of flying (worn)
Magical Staves
 o - a staff of conjuration
Jewellery
 e - a ring of flight
 n - the ring "Poecoz" {rC- rN+ Will+ MP+9 Slay+3}
   (You found it on level 4 of the Dungeon)

   [ring of willpower]

   Slay:      It affects your accuracy & damage with ranged weapons and melee
   (+3).
   rC:        It makes you vulnerable to cold.
   rN:        It protects you from negative energy.
   MP:        It affects your magic capacity (+9).
   Will:      It increases your willpower.
 v - the ring "Mosesmil" (right claw) {rF+ Str+7 Int+4 Dex+6 Slay+3}
   (You found it in a Gauntlet)

   [ring of dexterity]

   Str:       It affects your strength (+7).
   Int:       It affects your intelligence (+4).
   Dex:       It affects your dexterity (+6).
   Slay:      It affects your accuracy & damage with ranged weapons and melee
   (+3).
   rF:        It protects you from fire.
 y - a ring of ice
 K - the amulet of Vitality (around neck) {Regen+ HP+15}
   (You acquired it on level 7 of the Dungeon)

   [amulet of regeneration]

   HP:        It affects your health (+15).
   Regen:     It increases your rate of health regeneration.
 L - a ring of see invisible
 R - a +6 ring of dexterity (left claw)
Wands
 q - a wand of paralysis (17)
 G - a wand of charming (18)
 M - a wand of flame (31)
 O - a wand of mindburst (23)
 S - a wand of iceblast (46)
 V - a wand of digging (7)
Scrolls
 g - 10 scrolls of teleportation
 i - a scroll of fog
 s - 3 scrolls of fear
 C - a scroll of blinking
 Y - 4 scrolls of identify
Potions
 c - 3 potions of heal wounds
 d - 11 potions of curing
 k - 4 potions of haste
 p - a potion of magic
 u - 4 potions of might
 x - 3 potions of brilliance
 D - 2 potions of berserk rage
 F - 3 potions of lignification
 I - 2 potions of flight
 N - 2 potions of resistance
 Q - a potion of invisibility
 Z - 3 potions of attraction
Miscellaneous
 w - a lightning rod (4/4)
 B - a condenser vane
 W - a phial of floods


   Skills:
 - Level 12.0 Fighting
 - Level 14.0 Polearms
 - Level 5.0 Throwing
 + Level 6.0 Armour
 + Level 7.9 Dodging
 + Level 8.0 Stealth
 - Level 5.0 Shields
 - Level 6.0 Spellcasting
 - Level 5.0 Conjurations
 - Level 1.0 Transmutations
 - Level 3.0 Air Magic
 - Level 6.0 Poison Magic
 + Level 10.2 Invocations
 + Level 6.0 Evocations


You had 22 spell levels left.
You knew the following spells:

 Your Spells              Type           Power      Damage    Failure   Level
a - Mephitic Cloud        Conj/Pois/Air  20%        N/A       9%          3
b - Sting                 Tmut/Pois      68%        1d6       4%          1

Your spell library contained the following spells:

 Spells                   Type           Power      Damage    Failure   Level
 Magic Dart               Conj           88%        1d7       2%          1
 Corpse Rot               Necr/Air       20%        N/A       16%         2
 Sandblast                Erth           10%        2d5       19%         1
 Call Imp                 Summ           5%         N/A       28%         2
 Call Canine Familiar     Summ           5%         N/A       50%         3
 Portal Projectile        Hex/Tloc       10%        N/A       50%         3
 Summon Guardian Golem    Hex/Summ       5%         N/A       50%         3
 Alistair's Intoxication  Tmut/Pois      11%        N/A       77%         5
 Leda's Liquefaction      Hex/Erth       2%         N/A       88%         4
 Borgnjor's Vile Clutch   Necr/Erth      2%         N/A       99%         5
 Lee's Rapid Deconstruct  Erth           2%         3d6*      99%         5
 Eringya's Noxious Bog    Tmut/Pois      8%         N/A       100%        6
 Statue Form              Tmut/Erth      4%         N/A       100%        6
 Orb of Destruction       Conj           11%        9d5       100%        7
 Spellforged Servitor     Conj/Summ      6%         N/A       100%        7
 Storm Form               Tmut/Air       5%         N/A       100%        7


Dungeon Overview and Level Annotations

Branches:
Dungeon (12/15)            Temple (1/1) D:5            Lair (6/6) D:8
  Swamp (1/4) Lair:4        Snake (0/4) Lair:3        Slime (0/5) Lair:5
    Orc (2/2) D:10            Elf (0/3) Orc:2         IceCv (visited)
Gauntlet (visited)

Altars:
Ashenzari
Cheibriados
Dithmenos
Elyvilon
Fedhas
Gozag
Hepliaklqana
Kikubaaqudgha
Makhleb
Nemelex Xobeh
Okawaru
Qazlal
Ru
Sif Muna
Trog
Uskayaw
Vehumet
Wu Jian
Xom
Yredelemnul
Zin
The Shining One
Beogh

Shops:
D:3 *   D:5 ?   D:10 =   D:11 ?   Orc:1 ?   Orc:2 :=(*:

Annotations:
D:1 clr
D:2 clr
D:3 clr
D:4 clr
D:5 clr
D:6 clr
D:7 clr
D:9 clr
D:10 clr
D:11 clr
D:12 clr
Lair:1 clr
Lair:2 clr
Lair:3 clr
Lair:4 clr
Lair:5 clr
Lair:6 clr
Orc:1 2 transporters
Orc:2 clr


Innate Abilities, Weirdness & Mutations

You have claws for hands.
You are mostly covered in molten scales. (AC +3)
You regenerate magic rapidly.
Spells you cast and wands you use may paralyse nearby enemies.


Message History

Unknown command.
You hit the goliath frog. You burn the goliath frog.
You kill the goliath frog!
Fedhas appreciates your contribution to the ecosystem.
The goliath frog is no longer paralysed.
A bunyip comes into view.
Your life force feels restored.
The bunyip gives a hideous shriek!
You puncture the fenstrider witch! You burn the fenstrider witch.
The fenstrider witch is moderately wounded.
The goliath frog seems less confused.
The fenstrider witch gestures at you while chanting.
Your body is wracked with pain!
You block the goliath frog's attack.
The fenstrider witch gestures at you while chanting.
You suddenly lose the ability to move!
The fenstrider witch gestures at you while chanting.
You struggle to resist.
The goliath frog hits you from afar.
You are splashed with acid!
The goliath frog hits you but does no damage.
The fenstrider witch casts a spell at you.
You struggle to resist.
The goliath frog hits you from afar.
You are splashed with acid!
The fenstrider witch hits you!
* * * LOW HITPOINT WARNING * * *
The fenstrider witch kicks you but does no damage.
The goliath frog hits you but does no damage.
The fenstrider witch hits you but does no damage.
The fenstrider witch kicks you!!
* * * LOW HITPOINT WARNING * * *
The goliath frog hits you but does no damage.
The fenstrider witch hits you.
* * * LOW HITPOINT WARNING * * *
The fenstrider witch kicks you.
* * * LOW HITPOINT WARNING * * *
The bunyip claws you but does no damage.
The bunyip claws you.
* * * LOW HITPOINT WARNING * * *
The bunyip claws you!!
You die...
Fedhas appreciates your contribution to the ecosystem.

♣♣≈≈≈≈≈.≈≈≈≈....≈§.
♣.§≈≈≈≈<.≈≈≈≈♣♣♣≈≈.
♣..≈≈≈..≈≈≈§≈♣ ♣≈
♣.≈≈≈≈≈≈≈≈≈§§♣ ...
♣≈.≈≈≈≈≈≈≈≈..♣ ♣≈.♣
♣..≈.≈≈≈≈≈..♣♣♣≈..♣.
♣.≈≈..≈≈...♣♣....≈§≈
♣♣≈.≈.≈≈.≈♣♣.≈....♣
♣........@xF≈...♣
♣........$H≈≈≈...♣
♣......≈≈.≈.≈†≈≈♣..
≈.♣.....(.°≈...♣
≈♣♣♣.....≈≈≈≈.♣..≈≈
♣♣♣♣..≈.≈≈.♣ .≈≈
♣♣≈≈.♣≈.. ≈.
♣>.≈≈≈≈.. ♣♣....≈≈≈.


You could see a bunyip, a fenstrider witch and a goliath frog.

Vanquished Creatures
  Rupert (Lair:4)
  A minotaur (Gauntlet)
  Josephine (D:10)
  The ghost of frimble the Slicer, a journeyman TrWr of Cheibriados (D:11)
  A hell beast (Gauntlet)
  3 boulder beetles
  An ice dragon (IceCv)
  8 hydras
  2 centaur warriors (D:11)
  A merfolk avatar (Lair:6)
  11 two-headed ogres
  Erica (D:9)
  2 ogre magi (Orc:2)
  A tengu warrior (Gauntlet)
  2 death yaks (D:8)
  Urug (Orc:2)
  Nergalle (D:10)
  A soul eater (Gauntlet)
  An iron troll (Orc:2)
  A goliath frog (Swamp:1)
  An obsidian statue (D:11)
  A deep troll (Orc:2)
  A deep elf pyromancer (D:8)
  A harpy (Lair:6)
  2 orc sorcerers
  2 orc knights
  A manticore (Lair:6)
  2 ugly things
  3 cyclopes
  17 elephants
  3 black mambas
  A torpor snail (Lair:3)
  11 cane toads
  A gargoyle (D:12)
  2 ice statues (IceCv)
  An unseen horror (D:10)
  Maggie (D:6)
  10 rime drakes
  14 komodo dragons
  2 tengu conjurers (Gauntlet)
  10 trolls
  3 polar bears
  A wind drake (Lair:6)
  3 hornets (Lair:6)
  A meliai zombie (D:11)
  Prince Ribbit (D:8)
  3 slime creatures (Lair:5)
  2 snapping turtles (Lair:6)
  16 blink frogs
  4 shadows
  74 yaks
  A centaur simulacrum (D:12)
  Eustachio (D:4)
  6 wyverns
  5 wraiths
  Grum (D:11)
  4 steam dragons
  Edmund (D:4)
  Menkaure (D:4)
  2 nagas (Lair:3)
  4 wargs
  A swamp worm (Swamp:1)
  2 acid dragons
  9 water moccasins
  2 hell hounds (Gauntlet)
  An ice beast (D:8)
  12 orc warriors
  A meliai simulacrum (D:12)
  A necrophage (D:5)
  2 sky beasts
  24 wolves
  25 ogres
  A centaur (D:5)
  2 phantoms
  A kobold brigand (D:7)
  7 bullfrogs
  A wyvern zombie (D:6)
  2 two-headed ogre simulacra (D:12)
  A cane toad simulacrum (D:12)
  6 scorpions
  2 jellies
  A wyvern skeleton (D:6)
  2 lindwurm simulacra (IceCv)
  19 killer bees
  15 wights
  4 howler monkeys
  5 electric eels
  7 komodo dragon simulacra (IceCv)
  2 lava snakes (Lair:6)
  4 centaur zombies
  3 hounds (D:5)
  Crazy Yiuf (D:7)
  A bullfrog zombie (D:6)
  2 bullfrog skeletons
  15 orc priests
  3 centaur skeletons
  3 gnoll shamans
  10 iguanas
  36 orc wizards
  7 hell rats (Lair:5)
  4 troll simulacra (D:12)
  A killer bee zombie (D:9)
  2 howler monkey zombies
  19 gnolls
  12 adders
  3 acid dragon simulacra (IceCv)
  A naga simulacrum (D:12)
  4 shadow imps
  A white imp (D:12)
  9 steam dragon simulacra (IceCv)
  3 ufetubi
  2 adder skeletons (D:4)
  4 worms
  81 orcs
  8 endoplasms
  4 giant cockroaches
  4 goblins
  7 hobgoblins
  2 jackals (D:3)
  7 quokkas
  7 ball pythons
  9 bats
  2 frilled lizards (D:1)
  7 kobolds
  8 rats
  2 ballistomycete spores
719 creatures vanquished.

Vanquished Creatures (collateral kills)
  A death yak (D:8)
  A hornet (D:7)
  2 yaks
  A naga (Lair:3)
  An orc warrior (Orc:2)
  An ogre (Orc:2)
  A wyvern zombie (D:8)
  A wight (D:8)
  An orc priest (Orc:2)
  An iguana (Lair:2)
  An orc wizard (Orc:2)
  3 orcs (Orc:2)
  71 ballistomycete spores
86 creatures vanquished.

Vanquished Creatures (others)
  A naga (Lair:3)
  3 ballistomycete spores
  A bush (Lair:4)
  52 fungi
  90 plants
  3 withered plants (D:10)
150 creatures vanquished.

Grand Total: 955 creatures vanquished

Notes
Turn   | Place    | Note
-------+----------+-------------------------------------------
     0 | D:1      | Snarg the Demonspawn Monk began the quest for the Orb.
     0 | D:1      | Reached XP level 1. HP: 18/18 MP: 1/1
   378 | D:1      | Gained mutation: Spells you cast may paralyse adjacent
                  | enemies. [demonic ancestry]
   378 | D:1      | Reached XP level 2. HP: 24/24 MP: 2/2
   567 | D:1      | Reached skill level 3 in Polearms
   759 | D:1      | Gained mutation: You regenerate magic rapidly. [demonic
                  | ancestry]
   759 | D:1      | Reached XP level 3. HP: 29/29 MP: 3/3
  1422 | D:4      | Identified the ring "Poecoz" {rC- rN+ Will+ MP+9 Slay+3}
  1470 | D:4      | Noticed a phantom
  1567 | D:3      | Reached skill level 1 in Throwing
  1662 | D:3      | Found a broken altar of Ashenzari.
  1671 | D:3      | Reached XP level 4. HP: 30/36 MP: 4/4
  1671 | D:3      | Found an ancient bone altar of Kikubaaqudgha.
  2024 | D:2      | Found a faded altar of an unknown god.
  2045 | D:2      | Prayed at the altar of an unknown god.
  2045 | D:2      | Became a worshipper of Fedhas Madash
  2045 | D:2      | Reached * piety under Fedhas
  2045 | D:2      | Reached ** piety under Fedhas
  2467 | D:3      | Reached *** piety under Fedhas
  2806 | D:3      | Found Pyrebb's Assorted Antiques.
  2818 | D:3      | Bought a runed spear for 138 gold pieces
  3313 | D:4      | Acquired a +2 pair of boots of rampaging
  3338 | D:4      | Found an iron altar of Okawaru.
  3377 | D:4      | Reached skill level 1 in Invocations
  3377 | D:4      | Reached XP level 5. HP: 41/41 MP: 6/6
  3451 | D:3      | Killed a phantom
  3452 | D:3      | Reached skill level 1 in Armour
  3452 | D:3      | Reached skill level 1 in Spellcasting
  3711 | D:4      | Gained mutation: You have sharp fingernails. [demonic
                  | ancestry]
  3711 | D:4      | Reached XP level 6. HP: 46/48 MP: 8/8
  3845 | D:3      | Reached skill level 4 in Polearms
  4209 | D:4      | Noticed Edmund
  4555 | D:4      | Reached **** piety under Fedhas
  4716 | D:4      | Noticed Eustachio
  4726 | D:4      | Killed Eustachio
  4727 | D:4      | Gained mutation: You have very sharp fingernails. [demonic
                  | ancestry]
  4727 | D:4      | Reached XP level 7. HP: 54/54 MP: 10/10
  4781 | D:4      | Found a radiant altar of Vehumet.
  4797 | D:4      | Noticed Menkaure
  4799 | D:4      | Found a snail-covered altar of Cheibriados.
  4963 | D:4      | Killed Edmund
  4982 | D:5      | Entered Level 5 of the Dungeon
  5103 | D:3      | Reached skill level 5 in Polearms
  5103 | D:3      | Reached skill level 1 in Shields
  5379 | D:5      | Reached XP level 8. HP: 57/60 MP: 11/11
  5445 | D:5      | Found a staircase to the Ecumenical Temple.
  5451 | Temple   | Entered the Ecumenical Temple
  5905 | D:5      | Reached skill level 5 in Invocations
  5908 | D:5      | Reached ***** piety under Fedhas
  6004 | D:5      | Found Ejeaplatt's Magic Scroll Boutique.
  6062 | D:5      | Bought a scroll of identify for 28 gold pieces
  6062 | D:5      | Bought a scroll of blinking for 105 gold pieces
  6160 | D:5      | Reached skill level 6 in Polearms
  7007 | D:6      | Gained mutation: Spells you cast may paralyse nearby
                  | enemies. [demonic ancestry]
  7007 | D:6      | Reached XP level 9. HP: 59/67 MP: 13/13
  7027 | D:6      | Learned a level 3 spell: Mephitic Cloud
  7325 | D:6      | Reached skill level 5 in Fighting
  7447 | D:6      | Noticed Maggie
  7469 | D:6      | Killed Maggie
  7470 | D:6      | Reached skill level 1 in Conjurations
  7470 | D:6      | Reached skill level 1 in Air Magic
  7470 | D:6      | Reached skill level 1 in Poison Magic
  7703 | D:6      | Reached skill level 7 in Polearms
  7858 | D:7      | Paralysed by a hornet for 1 turns
  8058 | D:7      | Found a runed translucent door.
  8059 | D:7      | Noticed Crazy Yiuf
  8172 | D:7      | Acquired the amulet of Vitality {Regen+ HP+15}
  8172 | D:7      | Found the amulet of Vitality {Regen+ HP+15}
  8429 | D:7      | Found a sparkling altar of Nemelex Xobeh.
  9033 | D:7      | Killed Crazy Yiuf
  9079 | D:8      | Noticed a death yak
  9079 | D:8      | Found a staircase to the Lair.
  9083 | D:8      | Noticed a death yak
  9084 | D:8      | Noticed a death yak
  9097 | D:8      | Killed a death yak
  9098 | D:8      | Gained mutation: You are partially covered in molten
                  | scales. (AC +2) [demonic ancestry]
  9098 | D:8      | Reached XP level 10. HP: 76/76 MP: 15/15
  9102 | D:8      | Killed a death yak
  9103 | D:8      | Reached skill level 8 in Polearms
  9110 | D:8      | Killed a death yak
  9234 | D:8      | Reached skill level 9 in Polearms
  9313 | D:8      | Noticed a deep elf pyromancer
  9313 | D:8      | Noticed a four-headed hydra
  9378 | D:8      | Reached skill level 5 in Shields
  9460 | D:8      | Noticed Prince Ribbit
  9478 | D:8      | Killed Prince Ribbit
  9672 | D:8      | Got the Tome of the Venomous Mountains
  9675 | D:8      | Learned a level 1 spell: Sting
 10302 | D:8      | Killed a deep elf pyromancer
 10308 | D:8      | Killed a four-headed hydra
 10309 | D:8      | Gained mutation: You have claws for hands. [demonic
                  | ancestry]
 10309 | D:8      | Reached XP level 11. HP: 81/81 MP: 16/16
 10362 | Lair:1   | Entered Level 1 of the Lair of Beasts
 10566 | Lair:1   | Reached skill level 1 in Transmutations
 10671 | Lair:1   | Reached skill level 5 in Dodging
 10910 | Lair:1   | Reached skill level 10 in Polearms
 11401 | Lair:2   | Noticed a four-headed hydra
 11431 | Lair:2   | Killed a four-headed hydra
 11570 | Lair:2   | Got the Volume of Flight and Stones
 11590 | Lair:2   | Reached skill level 11 in Polearms
 11754 | Lair:2   | Found a gate leading to a gauntlet.
 11760 | Gauntlet | Entered a Gauntlet
 11760 | Gauntlet | Found a transporter.
 11760 | Gauntlet | Found a transporter.
 11763 | Gauntlet | Noticed a soul eater
 11773 | Gauntlet | Found a transporter.
 11774 | Gauntlet | Found a transporter.
 11776 | Gauntlet | Noticed a tengu warrior
 11786 | Gauntlet | Found a transporter.
 11790 | Gauntlet | Found a transporter.
 11794 | Gauntlet | Found a runed translucent door.
 11794 | Gauntlet | Found a runed translucent door.
 11794 | Gauntlet | Noticed a hell beast
 11803 | Gauntlet | Found a transporter.
 11820 | Gauntlet | Found a transporter.
 11820 | Gauntlet | Noticed a blizzard demon
 11835 | Gauntlet | Found a transporter.
 11839 | Gauntlet | Found a transporter.
 11847 | Gauntlet | Found a transporter.
 11851 | Gauntlet | Found a transporter.
 11949 | Gauntlet | Killed a soul eater
 11959 | Gauntlet | Identified the ring "Mosesmil" {rF+ Str+7 Int+4 Dex+6
                  | Slay+3}
 12056 | Gauntlet | Killed a tengu warrior
 12057 | Gauntlet | Gained mutation: You are mostly covered in molten scales.
                  | (AC +3) [demonic ancestry]
 12057 | Gauntlet | Reached XP level 12. HP: 59/88 MP: 18/18
 12058 | Gauntlet | Identified the quicksilver dragon scales "Riqiutij" {Will+
                  | Dex+5}
 12161 | Gauntlet | Killed a hell beast
 12217 | Gauntlet | Identified the +0 ice dragon scales of the Cockatrice
                  | {-Tele rF- rC++ rN++ Will- SInv}
 12217 | Gauntlet | Noticed a minotaur
 12243 | Gauntlet | Killed a minotaur
 12563 | Lair:2   | Noticed a boulder beetle
 12591 | Lair:1   | Killed a boulder beetle
 12592 | Lair:1   | Reached skill level 12 in Polearms
 12592 | Lair:1   | Reached skill level 5 in Stealth
 12592 | Lair:1   | Reached skill level 5 in Poison Magic
 13303 | Lair:3   | Found the +7 Kryia's mail coat {PotionHeal*2 rC+}
 13451 | Lair:3   | Noticed a four-headed hydra
 13463 | Lair:3   | Killed a four-headed hydra
 13725 | Lair:3   | Found a staircase to the Snake Pit.
 13846 | Lair:3   | Reached skill level 1 in Evocations
 13960 | Lair:3   | Reached skill level 5 in Conjurations
 14611 | Lair:4   | Identified the +6 rapier of the Scorching Wolf {flame,
                  | *Rage rElec Will+}
 14696 | Lair:4   | Reached XP level 13. HP: 96/96 MP: 17/19
 14971 | Lair:4   | Reached skill level 13 in Polearms
 15002 | Lair:4   | Found a staircase to the Swamp.
 15147 | Lair:4   | Noticed Rupert
 15173 | Lair:4   | Killed Rupert
 15752 | Lair:5   | Identified the +0 longbow of Orupnybi {speed, rC+}
 15763 | Lair:5   | Found a staircase to the Slime Pits.
 15951 | Lair:5   | Reached skill level 5 in Spellcasting
 16186 | Lair:5   | Reached skill level 14 in Polearms
 16792 | Lair:6   | Entered Level 6 of the Lair of Beasts
 16945 | Lair:6   | Paralysed by a hornet for 3 turns
 16977 | Lair:6   | Gained mutation: Spells you cast and wands you use may
                  | paralyse nearby enemies. [demonic ancestry]
 16977 | Lair:6   | Reached XP level 14. HP: 108/108 MP: 21/21
 17225 | Lair:6   | Reached ****** piety under Fedhas
 18013 | Lair:6   | Identified the +12 quarterstaff "Pingun" {vorpal, rElec
                  | Str+7}
 18032 | Lair:6   | Identified the +8 trident of Brutal Revenge {flame, MP+9}
 18445 | D:9      | Found a burning altar of Makhleb.
 18697 | D:9      | Noticed Erica
 18707 | D:9      | Killed Erica
 19051 | D:10     | Entered Level 10 of the Dungeon
 19052 | D:10     | Found a basalt altar of Yredelemnul.
 19052 | D:10     | Noticed Josephine
 19078 | D:10     | Killed Josephine
 19220 | D:10     | Found a bloodstained altar of Trog.
 19247 | D:10     | Found Tucvuw Batz's Jewellery Emporium.
 19257 | D:10     | Bought a ring of see invisible for 165 gold pieces
 19428 | D:10     | Reached skill level 5 in Armour
 19534 | D:10     | Found a staircase to the Orcish Mines.
 19746 | D:10     | Noticed Nergalle
 19759 | D:10     | Killed Nergalle
 19856 | D:10     | Found a blossoming altar of Fedhas.
 20256 | D:4      | Killed Menkaure
 20499 | D:11     | Reached skill level 5 in Evocations
 20558 | D:11     | Reached skill level 10 in Fighting
 20782 | D:11     | Found a runed translucent gate.
 20783 | D:11     | Found a runed translucent gate.
 20784 | D:11     | Found an opulent altar of Gozag.
 20785 | D:11     | Found a runed translucent gate.
 20787 | D:11     | Noticed frimble's ghost (journeyman TrWr)
 20799 | D:11     | Found Hiost's Magic Scroll Shoppe.
 21016 | D:11     | Noticed Grum
 21021 | D:11     | Killed Grum
 21285 | D:11     | Killed frimble's ghost
 21522 | D:12     | Found a frozen archway.
 21574 | IceCv    | Entered an ice cave
 21941 | IceCv    | Identified the +7 falchion "Fonuoduts" {vorpal, *Slow rElec
                  | rPois Will++}
 23193 | Orc:1    | Entered Level 1 of the Orcish Mines
 23193 | Orc:1    | Found Rysej's Magic Scroll Boutique.
 23199 | Orc:1    | Bought a scroll of acquirement for 624 gold pieces
 23199 | Orc:1    | Acquired a +2 demon trident of draining
 23216 | Orc:1    | Found a transporter.
 23216 | Orc:1    | Found a transporter.
 23448 | Orc:2    | Entered Level 2 of the Orcish Mines
 23476 | Orc:2    | Reached XP level 15. HP: 117/117 MP: 23/23
 23515 | Orc:2    | Noticed Urug
 23922 | Orc:2    | Reached skill level 10 in Invocations
 24111 | Orc:2    | Upgraded the game from 0.28-a0-938-gbc3f381ebc to
                  | 0.28-a0-957-g42eb19b844
 24148 | Orc:2    | Found Zauwaph's Book Emporium.
 24172 | Orc:2    | Reached skill level 5 in Throwing
 24215 | Orc:2    | Found Noepoc's Jewellery Boutique.
 24279 | Orc:2    | Killed Urug
 24290 | Orc:2    | Found Wagrest's Weapon Shoppe.
 24304 | Orc:2    | Found Reirph's General Store.
 24338 | Orc:2    | Found a staircase to the Elven Halls.
 24342 | Orc:2    | Bought a potion of might for 56 gold pieces
 24532 | Orc:2    | Found Uhyid Mug's Self-Improvement Boutique.
 24963 | Swamp:1  | Entered Level 1 of the Swamp
 24993 | Swamp:1  | Noticed a fenstrider witch
 25002 | Swamp:1  | Paralysed by a fenstrider witch for 7 turns
 25006 | Swamp:1  | Annihilated by a bunyip

Illustrated notes

Levels and vault maps discovered:
D:1:      onia_arrival_pentagram, layout_basic
D:2:      wander_river, layout_loops_ring,
          shapermc_ecumenical_altar_mp_urbaneastern, basic_altar
D:3:      layout_loops_corners, gammafunk_temple_overflow_forgotten,
          serial_shops, shop, minmay_misc_feat_nine_boxes
D:4:      minmay_evil_eye, layout_loops_cross, nicolae_overflow_hidden_temple,
          mainiacjoe_overflow_concentric_impassable,
          mainiacjoe_overflow_alcove_2, cheibrodos_sewer_entry_drain,
          uniq_eustachio, uniq_edmund, uniq_menkaure
D:5:      minmay_polygon_palace, layout_basic, temple_statues, serial_shops,
          nicolae_inconvenience_store
D:6:      layout_loops_ring, uniq_maggie
D:7:      layout_loops_corners, mainiacjoe_overflow_tiny_flanked,
          uniq_crazy_yiuf_cottage
D:8:      layout_loops_corners, dpeg_lair_monsters, lightli_corner_chamber,
          uniq_prince_ribbit1
D:9:      layout_loops_ring, bloody_makhleb, uniq_erica
D:10:     layout_cave_pools, lemuel_tele_altar, mainiacjoe_overflow_chevrons,
          yredelemnul_altar_generic, hiddenorc2_lemuel, serial_shops,
          nicolae_shop_stone, uniq_josephine, uniq_nergalle
D:11:     layout_loops_ring, ebering_ghost_gozag, serial_shops, shop_coins,
          uniq_grum
D:12:     layout_basic, serial_ice, serial_ice_b, serial_ice_d, serial_ice_g,
          serial_ice_h, portal_ice_cave_entry_ice_simulacra
Temple:   bh_familiar_temple
Lair:1:   layout_regular_city, serial_bayou_shore_a
Lair:2:   beast_lair_carwin_large_3, layout_loops_ring, gauntlet_entry_generic
Lair:3:   layout_regular_city, minmay_snake_entry_guardpost_small,
          beast_lair_carwin_7
Lair:4:   layout_regular_city, swamp_mist, uniq_rupert
Lair:5:   layout_gridlike, minmay_slime_entry_pillars, grunt_megastairs_1
Lair:6:   gammafunk_lair_ancient_temple, layout_cave_pods,
          serial_bayou_lagoon_a, nicolae_lair_liquid_snakes
Swamp:1:  layout_falls_marsh, evilmike_swamp_ruin_rubble_2,
          infiniplex_staircase_pool_2
Orc:1:    gammafunk_beogh_shrine, layout_caves, serial_shops, shop
Orc:2:    st_orc_open, layout_caves, nicolae_shop_self_help, uniq_urug

Skill      XL: |  1  2  3  4  5  6  7  8  9 10 11 12 13 14 15 |
---------------+----------------------------------------------+-----
Polearms       | 3 4 5 6 7 9 11 12 14 | 14.0
Stealth        | 2 3 7 8 |  8.0
Throwing       | 1 2 4 5 |  5.0
Dodging        | 3 4 5 6 7 |  7.9
Invocations    | 1 3 4 5 7 8 9 10 | 10.2
Armour         | 1 2 3 4 6 |  6.0
Spellcasting   | 1 2 3 4 5 6 |  6.0
Fighting       | 4 5 6 7 9 10 12 | 12.0
Shields        | 1 3 4 5 |  5.0
Conjurations   | 1 3 5 |  5.0
Air Magic      | 1 2 3 |  3.0
Poison Magic   | 3 4 5 6 |  6.0
Transmutations | 1 |  1.0
Evocations     | 2 3 6 |  6.0

Action                   |  1- 3 |  4- 6 |  7- 9 | 10-12 | 13-15 || total
-------------------------+-------+-------+-------+-------+-------++-------
Melee: Spear             |   127 |   163 |   378 |   446 |    13 ||  1127
       Trident           |       |     4 |       |   111 |  1116 ||  1231
       Staff             |       |       |       |     3 |       ||     3
Throw: Dart              |    15 |    26 |    25 |    78 |   155 ||   299
       Javelin           |       |     1 |     2 |       |       ||     3
       Boomerang         |       |       |       |     6 |     7 ||    13
       Throwing net      |       |       |       |     1 |       ||     1
 Cast: Mephitic Cloud    |       |       |       |    44 |    83 ||   127
       Sting             |       |       |       |     5 |       ||     5
Invok: Wall of Briars    |       |       |     3 |     5 |     1 ||     9
       Grow Ballistomyce |       |       |     1 |     8 |     6 ||    15
       Overgrow          |       |       |     1 |     1 |     1 ||     3
Evoke: Wand              |       |       |       |     3 |    12 ||    15
  Use: Scroll            |       |     6 |     2 |    10 |     9 ||    27
       Potion            |       |     1 |     4 |     3 |     1 ||     9
 Stab: Sleeping          |     8 |     2 |     8 |     4 |    14 ||    36
       Distracted        |       |     1 |     1 |     2 |     6 ||    10
       Confused          |       |       |       |    66 |    67 ||   133
       Paralysed         |       |       |       |    20 |    43 ||    63
       Held in net/web   |       |       |       |     8 |       ||     8
Armor: Robe              |    11 |       |       |       |       ||    11
       Swamp dragon scal |    12 |    47 |    90 |       |     6 ||   155
       Steam dragon scal |       |       |    18 |    26 |       ||    44
       Leather armour    |       |       |     3 |       |       ||     3
       Quicksilver drago |       |       |       |    33 |   142 ||   175
       Ice dragon scales |       |       |       |       |    29 ||    29
       Skin              |       |       |       |       |     2 ||     2
Dodge: Dodged            |    48 |    54 |   180 |   148 |   422 ||   852
       Repelled          |       |       |       |       |     5 ||     5
Block: Buckler           |       |       |    65 |    73 |   214 ||   352

Table legend: (Time is in decaauts)
 A = Elapsed time spent in this place.
 B = Non-inter-level travel time spent in this place.
 C = Inter-level travel time spent in this place.
 D = Time resting spent in this place.
 E = Time spent auto-exploring this place.
 F = Levels seen in this place.
 G = Mean time per level.
                   A        B        C        D        E       F      G
               +--------+--------+--------+--------+--------+-----+--------+
         Total |  24353 |  21832 |   2521 |   1257 |  13040 |  24 | 1014.7 |
       Dungeon |  14413 |  12935 |   1478 |    846 |   8834 |  12 | 1201.1 |
        Temple |    165 |    153 |     12 |      0 |    151 |   1 |  165.0 |
          Lair |   7195 |   6301 |    894 |    306 |   3316 |   6 | 1199.2 |
         Swamp |     39 |     23 |     16 |      0 |      0 |   1 |   39.0 |
  Orcish Mines |   1492 |   1372 |    120 |     48 |    600 |   2 |  746.0 |
      Ice Cave |    424 |    424 |      0 |     26 |     67 |   1 |  424.0 |
      Gauntlet |    620 |    620 |      0 |     30 |     72 |   1 |  620.0 |
               +--------+--------+--------+--------+--------+-----+--------+

Top non-repeatable levels by time:
     D:4: 1755 daAuts
     D:3: 1671 daAuts
     D:5: 1413 daAuts
     D:8: 1399 daAuts
  Lair:1: 1363 daAuts
     D:7: 1332 daAuts
  Lair:6: 1324 daAuts
     D:1: 1191 daAuts
  Lair:4: 1173 daAuts
  Lair:2: 1163 daAuts
  Lair:3: 1114 daAuts
  Lair:5: 1056 daAuts
    D:11: 1026 daAuts
     D:6: 1014 daAuts
    D:12: 990 daAuts
